[Event "FIDE CB Open 2022"]
[Site "Ceske Budejovice"]
[Date "2022.07.06"]
[Round "6.35"]
[White "Musil, Vitezslav"]
[Black "Hurtik, Matej"]
[Result "0-1"]
[ECO "A00"]
[WhiteElo "1834"]
[BlackElo "2018"]
[Annotator "TA"]
[PlyCount "58"]
[EventDate "2022.07.01"]
[EventType "swiss"]
[EventCountry "CZE"]
[SourceTitle "playchess.com"]
[Source "ChessBase"]
[SourceQuality "1"]
[TimeControl "40/5400+30:1800+30"]

1. e4 d5 2. Nc3 d4 3. Nce2 e5 4. d3 Bb4+ 5. c3 dxc3 6. Nxc3 {[%emt 0:00:58] A00: Irregular Openings.} Nc6 7. Nf3 {[%emt 0:00:07] [#]} Bg4 $146 ({Predecessor:} 7... Nf6 8. Be2 Nd4 9. Nxe5 O-O 10. Ng4 Nxg4 11. Bxg4 Bxg4 12. Qxg4 Nc2+ 13. Kf1 Qd4 14. Qg3 Nxa1 {0-1 (14) Machado Da Silva,L-Guaitaneli,L Foz do Iguacu 2011}) 8. Be2 {[%emt 0:00:07] The position is equal.} h6 9. O-O Nf6 10. a3 Bc5 11. b4 Bxf3 12. Bxf3 Bd4 13. Qb3 O-O 14. Be3 (14. Rb1 $11 {keeps the balance.}) 14... Bxe3 $17 15. fxe3 Qxd3 16. Rfe1 Qd7 (16... Ne7 $15) 17. Rad1 $11 Qe6 18. Nd5 Rfd8 19. Qc3 {[%emt 0:00:53] Strongly threatening b5.} Ne8 20. b5 (20. Rf1 {feels hotter.} Ne7 21. Nxc7 Rdc8 22. Rd8) 20... Ne7 21. Nxc7 Rdc8 $1 {[%emt 0:00:31][%cal Bd8c8,Bc8c3,Bc3a3][%mdl 32] [#]} ({Don't do} 21... Nxc7 22. Qxc7 Rxd1 23. Rxd1 $14) 22. Nxe6 (22. Rd8 $1 $11 Qb6 23. Rxe8+ Rxe8 24. Nxa8 Rxa8 25. a4 (25. Qxe5 Ng6 $11)) 22... Rxc3 $17 23. Rd7 Ng6 $36 {[%emt 0:00:27][%mdl 2048] Black is in control.} 24. Bh5 (24. Rd8 $17 {is the only way for White.} Rac8 25. Bg4 Rxd8 26. Nxd8) 24... Nf6 $19 25. Rxb7 (25. Rc7 {nothing else works.} Rxc7 26. Nxc7) 25... Nxh5 {[%emt 0:00:10] Black is clearly winning.} 26. Nc7 Rc8 27. Nd5 Rxa3 28. Rf1 Rc2 {[%emt 0:02:02] ( -> ...Raa2)} 29. Rbxf7 {[%emt 0:02:18] [#]} Nhf4 $1 {[%emt 0:01:33][%mdl 512] Weighted Error Value: White=0.60/Black=0.11 (very precise)} 0-1

[Event "FIDE CB Open 2022"]
[Site "Ceske Budejovice"]
[Date "2022.07.06"]
[Round "6.36"]
[White "Hosnedl, Matyas"]
[Black "Rosol, Philip"]
[Result "1-0"]
[ECO "B40"]
[WhiteElo "1967"]
[BlackElo "1741"]
[Annotator "TA"]
[PlyCount "53"]
[EventDate "2022.07.01"]
[EventType "swiss"]
[EventCountry "CZE"]
[SourceTitle "playchess.com"]
[Source "ChessBase"]
[SourceQuality "1"]
[TimeControl "40/5400+30:1800+30"]

1. e4 c5 2. Nf3 e6 3. d4 cxd4 4. Nxd4 Nc6 5. Nxc6 bxc6 6. Bd3 d5 7. O-O Nf6 8. Nd2 Be7 9. b3 Nd7 {[%emt 0:18:23] B40: Sicilian: 2...e6, Unusual lines.} 10. Bb2 Bf6 11. Bxf6 Qxf6 {[%emt 0:00:26] White has an edge.} 12. c4 {[%emt 0:08:16] [#]} Nc5 $146 ({Predecessor:} 12... d4 13. f4 e5 14. fxe5 Qe7 15. e6 Qxe6 16. c5 Qh6 17. Nf3 Nxc5 18. Bc4 Ne6 19. Bxe6 Bxe6 20. Qxd4 {1-0 (36) Tomcsanyi,P (2235)-Fancsy,I (2335) Gyor 1992}) 13. Bc2 Ba6 ({Black should play} 13... O-O $14) 14. Re1 (14. b4 $16) 14... Rd8 ({Black should try} 14... dxc4 $14 15. Nxc4 Bxc4) 15. cxd5 cxd5 16. b4 Nxe4 {[%emt 0:02:15] A mistake that costs the game.} (16... Nd3 $16 {was necessary.}) 17. Bxe4 $18 {[%emt 0:00:15] [#] Qa4+ is the strong threat.} O-O 18. Bf3 Qb2 19. Nb3 Bc4 20. Qc1 Qf6 21. Nc5 Rfe8 22. Be2 Bxe2 23. Rxe2 d4 24. Rb1 e5 25. Qc4 d3 26. Nxd3 Rd4 (26... Qe6 $142 27. Qc3 Qg6) 27. Qxd4 {[%emt 0:00:05] Weighted Error Value: White=0.15 (very precise) /Black=0.47} 1-0

[Event "FIDE CB Open 2022"]
[Site "Ceske Budejovice"]
[Date "2022.07.06"]
[Round "6.37"]
[White "Kosut, Tomas"]
[Black "Chval, Zdenek"]
[Result "1/2-1/2"]
[ECO "B23"]
[WhiteElo "1820"]
[BlackElo "2063"]
[Annotator "TA"]
[PlyCount "69"]
[EventDate "2022.07.01"]
[EventType "swiss"]
[EventCountry "CZE"]
[SourceTitle "playchess.com"]
[Source "ChessBase"]
[SourceQuality "1"]
[TimeControl "40/5400+30:1800+30"]

1. e4 c5 2. Nc3 a6 3. f4 d6 4. Nf3 Nf6 5. a4 Nc6 6. Bc4 e6 $1 {[%emt 0:02:54] 6...e6 scores better than 6...Bg4.} 7. d3 d5 {[%emt 0:13:04] B23: Closed Sicilian: Lines without g3.} 8. exd5 (8. Ba2 $11 {remains equal.}) 8... exd5 $17 9. Bb3 Be7 {[%emt 0:05:52] Black is better.} 10. O-O Bg4 11. h3 Bxf3 12. Qxf3 Nd4 13. Qg3 {[%emt 0:03:47] [#]} O-O $146 {[%emt 0:03:52][%cal Oc5c4] Threatens to win with ...c4!} ({Predecessor:} 13... Nxb3 14. cxb3 O-O 15. Ne2 Re8 16. d4 cxd4 17. Qd3 Ne4 18. Nxd4 Bc5 19. Kh2 Qb6 {0-1 (49) Kelemen,L-Havaskori,L (2053) Budapest 2005}) 14. f5 $2 {[%emt 0:04:13] [#]} (14. Qf2 $17) 14... Bd6 (14... c4 $1 $19 {[%cal Rc4b3] has better winning chances.} 15. dxc4 dxc4 16. Bxc4 Nxc2) 15. Qh4 Bc7 ({Better is} 15... Be5 $17 {And now ...b5 would win.} 16. Bg5 Qd6 17. Bxf6 Bxf6) 16. Bg5 $1 $15 Nxb3 17. cxb3 Qd6 (17... Be5 $17) 18. Bf4 $11 {[%emt 0:05:57] Active counter play!} Qc6 19. g4 (19. Bxc7 $15 Qxc7 20. d4) 19... d4 20. Ne2 ({White should try} 20. Bxc7 $1 $15 Qxc7 21. Ne2) 20... Rfe8 $17 21. Ng3 (21. Qf2 $17) 21... Bxf4 $19 22. Rxf4 Re3 {[%emt 0:00:52] Strongly threatening ...Rae8.} 23. g5 Rxg3+ 24. Qxg3 Nh5 25. Qf3 Nxf4 26. Qxf4 $17 {[%emt 0:00:02][%mdl 4096] Endgame KQR-KQR} Re8 {[%emt 0:00:45] Against Re1} 27. Kf2 {[%emt 0:03:01] [#]} g6 (27... Qb6 $1 $17 28. Re1 Rf8) 28. Re1 $11 {[%emt 0:06:17] The position is equal.} Rxe1 29. Kxe1 {[%emt 0:00:05] Threatening mate with Qb8+.} gxf5 30. Qxf5 {[%emt 0:01:00] KQ-KQ} Qe8+ 31. Kd1 Qe3 32. Kc2 b5 33. Qc8+ Kg7 34. Qf5 Kg8 35. Qc8+ {[%emt 0:01:41] And White is the lucky defender.  Weighted Error Value: White=0.24 (precise) /Black=0.24 (precise)} 1/2-1/2

[Event "FIDE CB Open 2022"]
[Site "Ceske Budejovice"]
[Date "2022.07.06"]
[Round "6.38"]
[White "Nejdl, Eduard"]
[Black "Schmied, Eva-Maria"]
[Result "0-1"]
[ECO "B47"]
[WhiteElo "1951"]
[BlackElo "1718"]
[Annotator "TA"]
[PlyCount "37"]
[EventDate "2022.07.01"]
[EventType "swiss"]
[EventCountry "CZE"]
[SourceTitle "playchess.com"]
[Source "ChessBase"]
[SourceQuality "1"]
[TimeControl "40/5400+30:1800+30"]

1. e4 c5 2. Nf3 e6 3. Nc3 Nc6 4. d4 cxd4 5. Nxd4 Qc7 6. g3 a6 7. Bg2 Nf6 8. Nb3 Bb4 {[%emt 0:04:32] B47: Sicilian: Taimanov: 5 Nc3 Qc7 6 f4, 6 g3 and 6 Be2.} (8... d6 $11 {should be considered.}) 9. O-O $1 $14 {[%emt 0:01:34] [#]} h5 $146 ({Predecessor:} 9... Be7 10. f4 d6 11. Be3 h5 12. h3 b5 13. a3 Bb7 14. Qe2 Rc8 15. Qf2 Nb8 16. Bb6 Qd7 {0-1 (57) Malisauskas,V (2510)-Miezis,N (2527) Liepaja 2006}) 10. Bf4 ({Better is} 10. h3 $14) 10... e5 $1 $11 {[%emt 0:05:42] The position is equal.} 11. Bg5 {[%emt 0:00:11] Black must now prevent Bxf6.} Bxc3 12. bxc3 Nd8 ({Black should try} 12... d6 $11) 13. Qd3 $36 {[%emt 0:05:26][%mdl 2048] White has some pressure.} (13. Qf3 {is interesting.} Ng4 14. Rad1 a5 15. h3) 13... Ne6 14. Bc1 {[%emt 0:00:06] Hoping for Ba3.} Nc5 (14... d6 $14) 15. Qe3 (15. Nxc5 $18 Qxc5 16. a4) 15... b6 16. a4 d6 17. a5 Be6 18. axb6 Qxb6 19. Ba3 {[%emt 0:04:05][%mdl 32768] Weighted Error Value: White=0.34/Black=0.41. Loss on time!?} 0-1

[Event "FIDE CB Open 2022"]
[Site "Ceske Budejovice"]
[Date "2022.07.06"]
[Round "6.39"]
[White "Tsifanskaya, Ludmila A"]
[Black "Zednicek, Filip"]
[Result "0-1"]
[ECO "A08"]
[WhiteElo "1941"]
[BlackElo "1688"]
[Annotator "TA"]
[PlyCount "85"]
[EventDate "2022.07.01"]
[EventType "swiss"]
[EventCountry "CZE"]
[SourceTitle "playchess.com"]
[Source "ChessBase"]
[SourceQuality "1"]
[TimeControl "40/5400+30:1800+30"]

1. Nf3 d5 2. g3 c5 3. Bg2 Nc6 4. O-O e5 5. d3 Nf6 6. Na3 Be7 7. e4 d4 8. Nc4 Qc7 9. a4 O-O {[%emt 0:02:25] 9...Be6 might become the main line.} 10. Nh4 {[%emt 0:07:33] A08: King's Indian Attack.} Na5 11. b3 {[%emt 0:01:43] [#]} Nxc4 $146 ({Predecessor:} 11... Ne8 12. Nf5 Bf6 13. f4 Nxc4 14. bxc4 g6 15. Nh6+ Kh8 16. f5 gxf5 17. Nxf5 Bxf5 18. Rxf5 {1-0 (28) Ristic,B (2086)-Ilic,S (2214) Nis 2004}) 12. bxc4 {[%emt 0:00:09] The position is equal.} g6 13. Bh6 Re8 14. h3 Bf8 15. Bg5 Bg7 16. Bd2 Bd7 17. Kh2 Nh5 {[%emt 0:07:15] [#]} 18. Nf5 $1 Bf8 (18... Bc6 19. Nxg7) 19. Qf3 Qc8 20. Nh6+ Bxh6 21. Bxh6 Re6 22. Qe2 Ra6 23. f4 ({Better is} 23. a5) 23... exf4 $11 24. gxf4 Rxa4 25. Rxa4 Bxa4 26. Bf3 Ng7 27. f5 Qc7+ (27... gxf5 $2 28. Rg1 Qf8 29. Bxg7 Qxg7 30. Rxg7+ Kxg7 31. exf5 $18) 28. Kh1 Qg3 (28... a5 $15) 29. Bg4 $1 Qh4 30. Bxg7 (30. Qd2 $1 $11 Qf6 31. Kg1) 30... Kxg7 $17 31. fxg6 (31. Qg2 $17 {is a better defense.}) 31... hxg6 $19 32. Qh2 Qe7 {[%emt 0:01:06] Inhibits Qc7.} 33. Qd2 Rh8 34. c3 $2 (34. Kg1) 34... Bd7 {[%emt 0:00:41] [#] aiming for ...Bxg4. Black is clearly winning.} 35. Qg2 (35. Kg1 $142 Bxg4 36. hxg4) 35... Bxg4 36. Qxg4 dxc3 {[%emt 0:00:37][%mdl 4096] Endgame KQR-KQR} 37. Qf3 Qe6 38. Kg2 Rd8 {[%emt 0:00:56] ...a5 is the strong threat.} 39. Rf2 Rd7 40. Rc2 Qe5 41. Qe2 a6 {[%emt 0:30:42] White must now prevent ...b5.} 42. Qe3 b5 43. cxb5 {[%emt 0:00:28] Weighted Error Value: White=0.74/Black=0.12 (very precise)} 0-1

[Event "FIDE CB Open 2022"]
[Site "Ceske Budejovice"]
[Date "2022.07.06"]
[Round "6.40"]
[White "Zeleny, Tomas"]
[Black "Pavlis, Matej"]
[Result "1/2-1/2"]
[ECO "A43"]
[WhiteElo "2136"]
[BlackElo "1625"]
[Annotator "TA"]
[PlyCount "39"]
[EventDate "2022.07.01"]
[EventType "swiss"]
[EventCountry "CZE"]
[SourceTitle "playchess.com"]
[Source "ChessBase"]
[SourceQuality "1"]
[TimeControl "40/5400+30:1800+30"]

1. e4 c5 2. d4 e6 3. d5 d6 4. Nc3 Nf6 5. Nf3 Be7 6. Bc4 {[%emt 0:05:47] A43: Schmid Benoni.} exd5 7. Bxd5 O-O 8. O-O {[%emt 0:00:18] White is slightly better.} Nc6 9. Bf4 Nb4 10. Re1 Nbxd5 11. Nxd5 Nxd5 12. Qxd5 Qb6 13. b3 Be6 14. Qd3 (14. Qh5 {is more complex.} h6 15. Nh4 Qa5 16. Nf5) 14... Rad8 15. c4 Bf6 16. Rad1 h6 17. Bxd6 Rd7 {[%emt 0:00:49] The position is equal.} 18. e5 {[%emt 0:08:15] [#] Threatens to win with b4.} Be7 {[%emt 0:00:59] [#]} 19. h3 $146 ({Predecessor:} 19. Qe4 Bxd6 20. exd6 Rfd8 21. h3 Rxd6 22. Rxd6 Rxd6 23. Qe3 a6 24. Nd2 Qa5 25. Ne4 Rc6 26. Re2 Qc7 27. Nc3 Rd6 28. Qg3 Rd7 {½-½ (28) Zeleny,T (1894)-Pavlis,M (1625) Ceske Budejovice 2022}) 19... Rfd8 20. g3 {[%emt 0:17:11] Weighted Error Value: White=0.09 (flawless) /Black=0.03 (flawless)} (20. Qe4 $11) 1/2-1/2

[Event "FIDE CB Open 2022"]
[Site "Ceske Budejovice"]
[Date "2022.07.06"]
[Round "6.41"]
[White "Rucabado, Stefan"]
[Black "Hradek, Matyas"]
[Result "0-1"]
[ECO "D45"]
[WhiteElo "1809"]
[BlackElo "1888"]
[Annotator "NA RC COMBH"]
[PlyCount "76"]
[EventDate "2022.07.01"]
[EventType "swiss"]
[EventCountry "CZE"]
[SourceTitle "playchess.com"]
[Source "ChessBase"]
[SourceQuality "1"]
[TimeControl "40/5400+30:1800+30"]

1. d4 d5 2. c4 c6 3. Nf3 Nf6 4. Nc3 e6 5. e3 Be7 6. Qc2 O-O 7. g4 Nxg4 8. Rg1 f5 9. h3 Nf6 10. Bd2 Ne4 11. Ne2 Nd7 12. Nf4 Ndf6 13. Be2 Nxd2 14. Nxd2 Qa5 15. f3 dxc4 16. Kf2 Nd5 17. Nxc4 Bh4+ 18. Kf1 Qc7 19. Nh5 Rf7 20. Qd2 Qh2 21. Rg2 Qh1+ 22. Rg1 Qxh3+ 23. Rg2 f4 24. e4 e5 25. Kg1 Ne3 26. Nxe3 fxe3 27. Qxe3 Bd8 28. Rh2 Qd7 29. Bc4 Bb6 30. Bxf7+ Qxf7 31. Qe2 Bxd4+ 32. Kh1 Be6 33. a3 Rf8 34. Qg2 g6 35. Rf1 Bc4 36. Rc1 Bb5 37. Ng3 Qxf3 38. Rc2 Qd1+ 0-1

[Event "FIDE CB Open 2022"]
[Site "Ceske Budejovice"]
[Date "2022.07.06"]
[Round "6.42"]
[White "Smola, David"]
[Black "Shirinyan, Daniel"]
[Result "0-1"]
[ECO "B90"]
[WhiteElo "1609"]
[BlackElo "1876"]
[Annotator "NA RC COMBH"]
[PlyCount "66"]
[EventDate "2022.07.01"]
[EventType "swiss"]
[EventCountry "CZE"]
[SourceTitle "playchess.com"]
[Source "ChessBase"]
[SourceQuality "1"]
[TimeControl "40/5400+30:1800+30"]

1. e4 c5 2. Nf3 d6 3. d4 cxd4 4. Nxd4 Nf6 5. Nc3 a6 6. Be3 e5 7. Nf3 Be7 8. Qd2 Nbd7 9. Bc4 O-O 10. O-O Nb6 11. Bb3 Bd7 12. Rfe1 Rc8 13. Qd3 Qc7 14. Rad1 Bc6 15. Nd2 Rfd8 16. Bxb6 Qxb6 17. Nc4 Qc7 18. Ne3 b5 19. f3 Qa7 20. Kh1 Bf8 21. Ncd5 Nd7 22. Nf5 Nc5 23. Qe3 Qb7 24. Qg5 Kh8 25. Nde7 h6 26. Nxh6 Qxe7 27. Nxf7+ Kg8 28. Qh5 Nxb3 29. Nxd8 Be8 30. Qf5 Bd7 31. Qg6 Na5 32. b4 Nc4 33. Nb7 Be8 0-1

[Event "FIDE CB Open 2022"]
[Site "Ceske Budejovice"]
[Date "2022.07.06"]
[Round "6.43"]
[White "Koc, Azra Ece"]
[Black "Almaini, Aishah Sarhan"]
[Result "1-0"]
[ECO "A45"]
[WhiteElo "1867"]
[BlackElo "1615"]
[Annotator "NA RC COMBH"]
[PlyCount "115"]
[EventDate "2022.07.01"]
[EventType "swiss"]
[EventCountry "CZE"]
[SourceTitle "playchess.com"]
[Source "ChessBase"]
[SourceQuality "1"]
[TimeControl "40/5400+30:1800+30"]

1. d4 Nf6 2. Bf4 g6 3. Nc3 d5 4. h4 h5 5. Nf3 Bg7 6. Ne5 c5 7. e3 O-O 8. Be2 Qb6 9. Na4 Qa5+ 10. c3 cxd4 11. b4 Qd8 12. cxd4 Nbd7 13. Rc1 Nxe5 14. Bxe5 Ne4 15. Bc7 Qe8 16. Nc5 Nxc5 17. Rxc5 b6 18. Rc3 Bd7 19. Ba6 Ba4 20. Qe2 e5 21. dxe5 Bxe5 22. Bxe5 Qxe5 23. Qd3 Rad8 24. Qd4 Qxd4 25. exd4 Rfe8+ 26. Kd2 Re4 27. Rd3 Rde8 28. Kc3 Re2 29. Rd2 Rxd2 30. Kxd2 Re4 31. Kd3 Bd7 32. f3 Re7 33. Rc1 Bf5+ 34. Kd2 Kg7 35. Bb5 f6 36. Rc6 Bb1 37. a4 Ba2 38. a5 bxa5 39. bxa5 Rb7 40. Rc5 Kf7 41. a6 Re7 42. Kc2 Bc4 43. Bxc4 dxc4 44. Kc3 Ke6 45. Kxc4 Kd6 46. Kb5 Re2 {[%emt 0:04:57] [#]} 47. g4 $1 Rb2+ 48. Kc4 hxg4 49. fxg4 Ra2 50. h5 gxh5 51. gxh5 Rxa6 52. h6 Ra4+ 53. Kb3 Ra1 54. Rh5 Rb1+ 55. Kc4 Rb8 56. h7 Rh8 57. Ra5 Rxh7 58. Ra6+ 1-0

[Event "FIDE CB Open 2022"]
[Site "Ceske Budejovice"]
[Date "2022.07.06"]
[Round "6.44"]
[White "Vojtek, Pavel"]
[Black "Petirova, Iva"]
[Result "1/2-1/2"]
[ECO "A21"]
[WhiteElo "1711"]
[BlackElo "1722"]
[Annotator "NA RC COMBH"]
[PlyCount "161"]
[EventDate "2022.07.01"]
[EventType "swiss"]
[EventCountry "CZE"]
[SourceTitle "playchess.com"]
[Source "ChessBase"]
[SourceQuality "1"]
[TimeControl "40/5400+30:1800+30"]

1. c4 g6 2. g3 Bg7 3. Bg2 e5 4. Nc3 Ne7 5. e3 d6 6. Nge2 O-O 7. O-O c5 8. d4 f5 9. dxe5 dxe5 10. e4 Nbc6 11. Be3 Nd4 12. Bg5 h6 13. Bxe7 Qxe7 14. Nd5 Qd8 15. Nec3 f4 16. f3 fxg3 17. hxg3 Qg5 18. Qe1 Nc2 19. Qc1 Nxa1 20. Qxg5 hxg5 21. Rxa1 Bd7 22. Rd1 Rad8 23. Nc7 g4 24. fxg4 Bxg4 25. Rxd8 Rxd8 26. N7d5 Kf7 27. Ne3 Bd7 28. Ned5 Bh6 29. Bf3 Bc1 30. b3 Bd2 31. a4 Bc6 32. Nd1 a6 33. Be2 Ke6 34. Bg4+ Kd6 35. Be2 Rf8 36. Kg2 Ra8 37. N1c3 Rb8 38. Kf3 g5 39. Bd3 Rf8+ 40. Kg2 Rh8 41. Be2 Bd7 42. Nd1 Rf8 43. Nf2 Rb8 44. Nb6 Bc6 45. Bd3 Ba5 46. Nd5 b5 47. axb5 axb5 48. Nh3 bxc4 49. Bxc4 Bd2 50. Ng1 Bb5 51. Nf3 Bxc4 52. bxc4 Rb2 53. Nf6 Rc2 54. Ng4 Bb4+ 55. Kh3 Rxc4 56. Ngxe5 Rxe4 57. Nf7+ Ke7 58. N7xg5 Re3 59. Nh4 Re1 60. Ngf3 Ra1 61. Ne5 Ra3 62. Kg4 Be1 63. Nhf3 Bf2 64. Kh3 Ke6 65. Kg2 Bd4 66. Nc4 Ra8 67. Nfd2 Rg8 68. Kf3 Kd5 69. Nb6+ Ke6 70. Nbc4 Bc3 71. Ne4 Bb4 72. Nb2 Ke5 73. Nd3+ Kd4 74. Nf4 c4 75. Ne2+ Kd3 76. g4 Rf8+ 77. Nf4+ Kc2 78. Ke3 Kb2 79. Nd5 Ba5 80. Kd4 c3 81. Nexc3 1/2-1/2

[Event "FIDE CB Open 2022"]
[Site "Ceske Budejovice"]
[Date "2022.07.06"]
[Round "6.45"]
[White "Stastna, Martina"]
[Black "Kukacka, Ladislav"]
[Result "1-0"]
[ECO "B09"]
[WhiteElo "1912"]
[BlackElo "1555"]
[Annotator "TA"]
[PlyCount "85"]
[EventDate "2022.07.01"]
[EventType "swiss"]
[EventCountry "CZE"]
[SourceTitle "playchess.com"]
[Source "ChessBase"]
[SourceQuality "1"]
[TimeControl "40/5400+30:1800+30"]

1. e4 g6 2. d4 Bg7 3. Nc3 d6 4. f4 Nf6 5. Nf3 O-O 6. Bd3 Nc6 7. a3 {[%emt 0:05:13] B09: Pirc Defence: Austrian Attack.} Bg4 8. Be3 Nd7 9. e5 {[%emt 0:08:41] The position is equal.} dxe5 10. dxe5 f6 {[%emt 0:09:26] [#]} 11. exf6 $146 ({Predecessor:} 11. Bc4+ e6 12. exf6 Nxf6 13. Qe2 Nh5 14. g3 Kh8 15. Bc5 Re8 16. Rd1 Bxc3+ 17. bxc3 Qf6 18. Qe3 e5 19. O-O exf4 20. Qf2 Qxc3 21. Bd5 Re3 22. Bxc6 Qxc5 {½-½ (22) Blutharsch,W (1759)-Ponnath,K (1644) Bergen 2012}) 11... Nxf6 12. Bc4+ Kh8 13. Qxd8 Raxd8 14. Ng5 $1 e6 (14... Nd4 $11 {remains equal.} 15. Bxd4 Rxd4 16. Nf7+ Kg8 17. Ne5+ Kh8) 15. Bc5 {[%emt 0:02:30] [#] h3 is the strong threat.} ({But not} 15. Bxe6 $2 Rde8 16. Nf7+ {[#]} Rxf7 $1 17. Bxf7 Rxe3+ 18. Kf2 Re7 $19) ({Avoid the trap} 15. Nxe6 $2 Bxe6 16. Bxe6 Rfe8 $19) 15... Nd4 16. Rc1 Nxc2+ $2 {[%emt 0:06:55][%mdl 8192] Black cannot hold the game after this.} 17. Rxc2 $18 Nh5 18. O-O Bd4+ 19. Bxd4+ Rxd4 20. Bxe6 Rdxf4 21. Rxf4 Rxf4 22. Bxg4 Rxg4 23. Ne6 Rc4 24. Rf2 {[%emt 0:00:46][%cal Rf2f8] Prevents Nf4.} h6 25. Rf8+ Kh7 26. Rf7+ Kg8 27. Rxc7 Rxc7 28. Nxc7 Kg7 29. N3b5 Nf4 30. Nxa7 Nd3 31. b4 Kf7 32. Nc8 {[%emt 0:02:38] Threatens to win with Nd6+.} Kf6 33. Nd6 b6 34. Nc4 b5 35. Nxb5 {[%emt 0:00:10] Strongly threatening Nc3.} Ke6 36. Nc3 Kd7 37. b5 {[%emt 0:00:38] Black must now prevent a4.} Nc5 38. a4 Kc7 39. a5 Kb7 40. Nd5 g5 41. Nb4 h5 42. a6+ Ka8 43. Nc6 {[%emt 0:00:26] Weighted Error Value: White=0.21 (precise) /Black=0.79} 1-0

[Event "FIDE CB Open 2022"]
[Site "Ceske Budejovice"]
[Date "2022.07.06"]
[Round "6.46"]
[White "Holub, Adam"]
[Black "Svoboda, Petr"]
[Result "1-0"]
[ECO "A57"]
[WhiteElo "1817"]
[BlackElo "2088"]
[Annotator "TA"]
[PlyCount "93"]
[EventDate "2022.07.01"]
[EventType "swiss"]
[EventCountry "CZE"]
[SourceTitle "playchess.com"]
[Source "ChessBase"]
[SourceQuality "1"]
[TimeControl "40/5400+30:1800+30"]

1. d4 Nf6 2. c4 c5 3. d5 b5 4. cxb5 a6 5. f3 e6 6. e4 exd5 7. e5 Qe7 8. Qe2 Ng8 9. Nc3 Bb7 10. Nh3 d6 $2 {[%emt 0:09:53] [#] Black cannot hold the game after this. A57: Benko/Volga Gambit.} (10... Qd8 $11) 11. Nf4 $1 $18 Qxe5 (11... d4 $142) 12. Nfxd5 Qxe2+ {[%emt 0:01:33] White is clearly better.} 13. Bxe2 {[%emt 0:00:19] [#]} Bxd5 $146 ({Predecessor:} 13... Kd8 14. Nb6 Ra7 15. Bc4 axb5 16. Nxb5 Ra6 17. Nd5 Nd7 18. Bf4 Ngf6 19. Nxf6 gxf6 {1-0 (67) Kanakaris,G (2284)-Karlovich,A (2242) Athens 2008}) 14. Nxd5 Ra7 {[%emt 0:08:49] Inhibits Nc7+.} 15. b6 Rb7 16. a4 {[%emt 0:01:45] Hoping for a5.} Ne7 17. Nc7+ Kd7 18. a5 {[%emt 0:01:27] White is much more active.} ({Don't do} 18. Nxa6 $6 Rxb6 19. Bb5+ Nec6 20. Nxb8+ Rxb8 $16) 18... Rxc7 19. bxc7 Kxc7 20. Kf2 g6 21. Bg5 h6 (21... Nec6 $16) 22. Bf6 Rh7 23. Rhd1 Nec6 24. Bc4 Nd7 (24... Nb4 $16 25. f4 N8c6) 25. Bc3 {[%emt 0:01:40] A strong pair of Bishops.} Ndb8 26. Re1 Kd7 27. Rad1 Bg7 $2 (27... Be7 28. Re2 h5) 28. Bxf7 Bxc3 29. Be8+ Kc7 30. bxc3 Nxa5 31. Bxg6 Rd7 32. f4 Nbc6 33. g4 Nc4 34. Be8 Rg7 35. Bxc6 Kxc6 {[%emt 0:00:15][%mdl 4096] Endgame KRR-KRN} 36. Kg3 a5 37. h4 a4 38. Re6 a3 39. f5 Kb5 40. f6 Rf7 41. g5 hxg5 42. hxg5 {[%emt 0:00:13] aiming for g6.} a2 43. g6 Rf8 44. f7 {[%emt 0:01:27] White mates.} Nd2 45. Ra1 Ra8 {[%emt 0:02:01] [#]} 46. Rxa2 $3 Rxa2 (46... Nf1+ 47. Kf3) 47. f8=Q {[%emt 0:00:25] Weighted Error Value: White=0.07 (flawless) /Black=0.52} 1-0

[Event "FIDE CB Open 2022"]
[Site "Ceske Budejovice"]
[Date "2022.07.06"]
[Round "6.47"]
[White "Steinbauer, Sebastian"]
[Black "Svoboda, Daniel"]
[Result "1-0"]
[ECO "B21"]
[WhiteElo "1808"]
[BlackElo "1679"]
[Annotator "NA RC COMBH"]
[PlyCount "22"]
[EventDate "2022.07.01"]
[EventType "swiss"]
[EventCountry "CZE"]
[SourceTitle "playchess.com"]
[Source "ChessBase"]
[SourceQuality "1"]
[TimeControl "40/5400+30:1800+30"]

1. e4 c5 2. d4 cxd4 3. c3 dxc3 4. Nxc3 Nc6 5. Bc4 e6 6. Nf3 a6 7. O-O Nge7 8. Qe2 Ng6 9. Rd1 Be7 10. Qd2 d6 11. Bb3 O-O 1-0

[Event "FIDE CB Open 2022"]
[Site "Ceske Budejovice"]
[Date "2022.07.06"]
[Round "6.48"]
[White "Wojdyla, Alex"]
[Black "Hammel, Juergen"]
[Result "1-0"]
[ECO "C56"]
[WhiteElo "1782"]
[BlackElo "1650"]
[Annotator "NA COMBH"]
[PlyCount "83"]
[EventDate "2022.07.01"]
[EventType "swiss"]
[EventCountry "CZE"]
[SourceTitle "playchess.com"]
[Source "ChessBase"]
[SourceQuality "1"]
[TimeControl "40/5400+30:1800+30"]

1. e4 e5 2. Bc4 Nf6 3. d4 Nc6 4. Nf3 d6 5. dxe5 dxe5 6. Qxd8+ Nxd8 7. O-O Bd6 8. Nc3 h6 9. Nb5 O-O 10. Nd2 Be6 11. f3 Bc5+ 12. Kh1 c6 13. Nc3 b5 14. Bb3 Bb4 15. a4 Bxc3 16. bxc3 Re8 17. Bb2 Nb7 18. c4 Rad8 19. Rfd1 a6 20. axb5 axb5 21. Bxe5 bxc4 22. Bxf6 gxf6 23. Nxc4 Nc5 24. Na5 Rxd1+ 25. Rxd1 Ra8 26. Bxe6 fxe6 27. Nxc6 Ra2 28. Rc1 Na4 29. h4 Nc3 30. Nb4 Rb2 31. Nd3 Ra2 32. Nf4 Kf7 33. Kh2 e5 34. Nd5 Ne2 35. Rb1 Rxc2 36. Rb6 Nd4 37. Rxf6+ Kg7 38. h5 Rc6 39. Rxc6 Nxc6 40. Kg3 Nd4 41. Kg4 Kf7 42. Ne3 1-0